Map: Wolfe Industries Compound

Players

Grumm

  • Race: Protoss Protoss
  • League: Gold
  • Spawn Location: 3:00

Dumak

  • Race: Zerg Zerg
  • Spawn Location: 12:00

tonydatank

  • Race: Protoss Protoss
  • League: Bronze
  • Spawn Location: 7:00

failorn

  • Race: Zerg Zerg
  • Spawn Location: 7:00

VOD

Have the link to the VOD?

Description

Time

  • Played on: Jan. 7, 2016, 1:35 a.m.
  • Length: 16:30
Show
View Real Time Build Order
Export as new Build Order

Grumm Protoss 

Build Orders: Oracle Opening 

Get SALT Encoding   

  12  0:01  Probe (Chrono Boost)  
  13  0:12  Probe (Chrono Boost)  
  14  0:22  Probe (Chrono Boost)  
  14  0:25  Pylon  
  15  0:43  Assimilator, Probe (Chrono Boost)  
  15  0:47  Gateway  
  16  0:54  Probe (Chrono Boost)  
  17  1:01  Pylon  
  17  1:05  Probe (Chrono Boost)  
  17  1:09  Assimilator  
  18  1:15  Probe (Chrono Boost)  
  19  1:26  Probe (Chrono Boost)  
  20  1:36  Probe (Chrono Boost)  
  21  1:49  Nexus  
  21  1:57  Cybernetics Core  
  21  2:00  Probe (Chrono Boost)  
  22  2:07  Pylon  
  22  2:10  Probe (Chrono Boost)  
  23  2:19  Forge  
  23  2:23  Probe (Chrono Boost)  
  24  2:33  Probe (Chrono Boost)  
  24  2:34  Stargate  
  25  2:42  Stalker  
  27  2:45  Warp Gate  
  27  2:48  Probe (Chrono Boost)  
  28  3:03  Stargate  
  28  3:05  Probe x2 (Chrono Boost)  
  29  3:31  Probe x2 (Chrono Boost)  
  31  3:37  Oracle (Chrono Boost)  
  31  3:40  Pylon  
  32  3:42  Adept, Probe x2 (Chrono Boost)  
  36  3:54  Void Ray (Chrono Boost)  
  40  4:05  Gateway  
  40  4:07  Probe  
  41  4:13  Photon Cannon  
  41  4:15  Pylon  
  41  4:18  Probe  
  41  4:19  Probe  
  43  4:27  Assimilator  
  43  4:30  Probe  
  43  4:31  Assimilator, Probe  
  45  4:40  Pylon  
  45  4:51  Probe x2  
  39  4:56  Photon Cannon  
  39  5:03  Probe x2  
  41  5:09  Gateway  
  44  5:15  Probe x2  
  44  5:19  Void Ray (Chrono Boost)  
  41  5:25  Stalker  
  41  5:26  Stalker  
  41  5:40  Photon Cannon  
  42  5:50  Probe  
  42  5:53  Pylon  
  42  5:55  Protoss Air Weapons Level 1  
  42  6:03  Stalker  
  44  6:10  Probe x2  
  46  6:22  Probe x2  
  48  6:35  Probe x2  
  51  6:40  Void Ray (Chrono Boost)  
  51  6:46  Void Ray (Chrono Boost)  
  55  6:47  Cybernetics Core, Probe x2  
  55  6:51  Photon Cannon  
  57  6:59  Probe  
  58  7:01  Stalker  
  58  7:04  Stalker  
  62  7:11  Protoss Shields Level 1  
  62  7:17  Void Ray (Chrono Boost)  
  62  7:18  Zealot  
  68  7:33  Probe x2  
  68  7:36  Void Ray (Chrono Boost)  
  74  7:40  Zealot x2  
  78  7:49  Pylon  
  78  7:55  Pylon  
  78  8:00  Nexus  
  78  8:14  Zealot x3  
  69  8:52  Void Ray (Chrono Boost)  
  69  8:54  Protoss Air Armor Level 1  
  77  8:57  Void Ray (Chrono Boost)  
  77  8:59  Fleet Beacon  
  85  9:45  Void Ray (Chrono Boost)  
  85  9:46  Protoss Air Weapons Level 2  
  85  9:51  Void Ray (Chrono Boost)  
  43  10:33  Void Ray (Chrono Boost)  
  51  10:39  Void Ray (Chrono Boost)  
  51  10:47  Probe x2  
  53  10:56  Probe  
  54  11:16  Phoenix (Chrono Boost)  
  58  11:19  Phoenix (Chrono Boost)  
  58  11:31  Stalker x2  
  62  11:35  Probe x2  
  62  11:37  Probe  
  65  11:47  Probe x3  
  72  12:02  Tempest (Chrono Boost)  
  72  12:03  Void Ray (Chrono Boost)  
  72  12:08  Probe x2  
  50  12:54  Tempest (Chrono Boost)  
  54  12:59  Stalker x3  
  54  13:00  Tempest (Chrono Boost)  
  59  13:23  Stalker x3  
  65  13:40  Probe  
  65  13:41  Pylon, Probe x2  
  65  13:44  Assimilator  
  65  13:47  Protoss Ground Weapons Level 1  
  65  13:48  Phoenix (Chrono Boost), Tempest (Chrono Boost)  
  74  14:03  Protoss Air Weapons Level 3 (Chrono Boost)  
  74  14:09  Probe x2  
  76  14:10  Tempest  
  76  14:17  Probe  
  81  14:21  Probe  
  81  14:23  Assimilator  
  82  14:28  Void Ray  
  82  14:29  Stalker  
  88  14:40  Probe  
  88  14:42  Probe x2  
  91  14:50  Pylon  
  91  14:52  Probe  
  92  14:54  Probe  
  92  14:56  Void Ray  
  92  14:59  Probe  
  98  15:04  Probe  
  99  15:28  Nexus  
  99  15:32  Pylon  
  99  15:34  Pylon  
  99  15:41  Void Ray x2  
  107  16:03  Probe x2  
  109  16:16  Assimilator x2  
Show
View Real Time Build Order
Export as new Build Order

Dumak Zerg 

Build Orders: Pool First 

Get SALT Encoding   

  12  0:06  Drone  
  13  0:10  Drone  
  14  0:18  Overlord  
  14  0:43  Spawning Pool  
  14  0:44  Drone x2  
  14  0:47  Drone  
  16  1:02  Drone  
  17  1:14  Extractor  
  17  1:18  Extractor  
  15  1:31  Drone x3  
  18  1:44  Hatchery  
  17  1:47  Queen  
  17  1:48  Drone  
  20  1:56  Drone  
  21  2:21  Drone  
  22  2:25  Overlord  
  22  2:30  Lair  
  22  2:50  Overlord x3  
  22  3:01  Queen  
  22  3:03  Drone  
  25  3:19  Drone x3  
  28  3:53  Drone  
  28  3:54  Drone x2  
  31  4:05  Overseer  
  31  4:07  Spire  
  30  4:33  Spire  
  29  4:40  Infestation Pit  
  28  4:59  Drone x3  
  31  5:02  Overlord  
  31  5:16  Extractor  
  31  5:18  Extractor  
  29  5:26  Corruptor x3  
  35  5:31  Drone  
  35  5:35  Drone x5  
  41  6:09  Corruptor x2  
  41  6:10  Corruptor  
  47  6:41  Corruptor x3  
  53  7:03  Corruptor x2  
  57  7:18  Hatchery  
  56  7:34  Corruptor x2  
  60  7:37  Overlord  
  60  7:42  Overlord x6  
  60  7:49  Hatchery, Pneumatized Carapace  
  59  7:52  Zerg Flyer Weapons Level 1  
  57  9:01  Corruptor x2  
  57  9:02  Corruptor  
  63  9:06  Corruptor x2  
  63  9:07  Corruptor  
  69  9:49  Zerg Flyer Weapons Level 2  
  69  9:51  Zerg Flyer Armor Level 1  
  69  10:40  Corruptor x3  
  75  10:44  Corruptor x3  
  81  10:56  Hatchery  
  80  10:59  Hatchery  
  80  11:37  Hatchery  
  79  12:00  Zerg Flyer Armor Level 2, Hive  
  79  12:11  Spore Crawler  
  79  12:14  Spore Crawler  
  51  13:39  Mutalisk, Corruptor  
  51  13:40  Corruptor x4  
  51  13:41  Corruptor x3  
  69  14:48  Hatchery  
  68  14:56  Corruptor x3  
  90  16:17  Drone  
Show
View Real Time Build Order
Export as new Build Order

tonydatank Protoss 

Build Orders:  

Get SALT Encoding   

  12  0:03  Probe (Chrono Boost)  
  13  0:13  Probe (Chrono Boost)  
  14  0:23  Assimilator  
  14  0:24  Probe (Chrono Boost)  
  15  0:32  Pylon  
  15  0:50  Probe (Chrono Boost)  
  16  1:01  Probe (Chrono Boost)  
  16  1:03  Gateway  
  18  1:11  Probe (Chrono Boost)  
  18  1:18  Pylon  
  18  1:22  Probe (Chrono Boost)  
  19  1:32  Probe (Chrono Boost)  
  20  1:43  Probe (Chrono Boost)  
  20  1:46  Assimilator  
  21  1:51  Forge  
  21  1:53  Probe (Chrono Boost)  
  22  1:55  Cybernetics Core  
  22  2:04  Probe (Chrono Boost)  
  23  2:14  Probe (Chrono Boost)  
  24  2:25  Probe (Chrono Boost)  
  24  2:29  Photon Cannon  
  25  2:32  Photon Cannon  
  25  2:42  Stargate  
  25  2:46  Stargate  
  25  2:52  Probe (Chrono Boost)  
  26  3:03  Probe (Chrono Boost)  
  27  3:13  Probe (Chrono Boost)  
  28  3:24  Mothership Core (Chrono Boost)  
  30  3:36  Pylon  
  30  3:42  Pylon  
  30  3:55  Void Ray (Chrono Boost)  
  38  4:00  Void Ray (Chrono Boost)  
  38  4:38  Nexus  
  42  4:43  Void Ray (Chrono Boost)  
  46  5:47  Void Ray (Chrono Boost)  
  50  5:50  Void Ray (Chrono Boost)  
  50  5:58  Pylon  
  50  6:01  Pylon  
  50  6:03  Pylon  
  50  6:05  Probe  
  51  6:16  Probe  
  51  6:17  Assimilator  
  52  6:26  Probe  
  53  6:37  Probe  
  54  6:43  Void Ray (Chrono Boost)  
  54  6:47  Void Ray (Chrono Boost), Probe  
  63  6:54  Assimilator  
  63  6:58  Probe  
  64  7:07  Protoss Air Weapons Level 1  
  64  7:08  Probe  
  65  7:19  Probe  
  66  7:29  Probe  
  67  7:40  Probe  
  72  7:49  Void Ray (Chrono Boost)  
  72  7:50  Probe  
  72  7:51  Stargate  
  73  8:01  Probe  
  74  8:11  Probe  
  53  8:43  Void Ray (Chrono Boost)  
  53  8:48  Void Ray (Chrono Boost)  
  53  8:55  Phoenix (Chrono Boost)  
  57  9:20  Void Ray (Chrono Boost), Phoenix (Chrono Boost)  
  61  9:29  Phoenix (Chrono Boost)  
  63  9:42  Protoss Air Armor Level 1  
  63  9:45  Phoenix (Chrono Boost)  
  67  9:54  Phoenix (Chrono Boost)  
  67  9:57  Phoenix (Chrono Boost)  
  69  10:19  Phoenix x2 (Chrono Boost)  
  73  10:40  Phoenix (Chrono Boost)  
  79  10:47  Void Ray (Chrono Boost)  
  83  10:51  Void Ray (Chrono Boost)  
  83  10:55  Probe  
  84  11:05  Probe  
  84  11:10  Fleet Beacon  
  85  11:16  Probe  
  86  11:22  Pylon  
  86  11:24  Pylon  
  86  11:39  Probe  
  86  11:43  Void Ray (Chrono Boost)  
  86  11:46  Void Ray (Chrono Boost)  
  99  11:49  Void Ray (Chrono Boost), Probe  
  100  12:31  Void Ray (Chrono Boost)  
  88  12:45  Void Ray (Chrono Boost)  
  62  13:26  Void Ray (Chrono Boost)  
  70  13:30  Void Ray (Chrono Boost)  
  70  13:37  Stalker  
  72  13:47  Phoenix (Chrono Boost)  
  74  13:50  Probe  
  75  14:00  Probe  
  76  14:07  Stalker  
  78  14:11  Probe  
  79  14:25  Nexus  
  81  14:32  Phoenix (Chrono Boost)  
  85  14:51  Void Ray (Chrono Boost)  
  85  14:52  Phoenix (Chrono Boost)  
  89  15:01  Phoenix (Chrono Boost)  
  89  15:13  Assimilator  
  89  15:20  Phoenix (Chrono Boost)  
  91  15:28  Assimilator  
  91  15:47  Tempest (Chrono Boost)  
Show
View Real Time Build Order
Export as new Build Order

failorn Zerg 

Build Orders: Hatch First 

Get SALT Encoding   

  12  0:02  Drone  
  13  0:12  Drone  
  14  0:17  Overlord  
  14  0:45  Hatchery  
  13  0:56  Drone  
  14  0:57  Drone x2  
  16  1:13  Spawning Pool  
  15  1:19  Extractor  
  15  1:20  Drone, Extractor  
  15  1:23  Drone  
  15  1:29  Drone  
  16  1:41  Drone  
  17  1:55  Drone  
  18  2:07  Queen  
  20  2:12  Zergling x6  
  23  2:43  Lair  
  23  2:46  Drone  
  23  2:47  Drone x4  
  28  2:52  Overlord  
  25  3:44  Zergling x2  
  25  3:45  Zergling x16  
  34  3:53  Queen  
  36  4:03  Evolution Chamber  
  35  4:15  Spire  
  34  4:23  Infestation Pit  
  33  4:25  Drone  
  33  4:26  Drone x2  
  33  4:27  Evolution Chamber  
  33  4:30  Overlord  
  33  4:31  Overlord x4  
  26  5:05  Drone x3  
  26  5:06  Drone x4  
  33  5:09  Extractor  
  33  5:10  Extractor  
  31  5:33  Zerg Melee Weapons Level 1  
  31  5:34  Zerg Missile Weapons Level 1  
  31  5:38  Zerg Flyer Weapons Level 1  
  31  5:40  Hatchery  
  30  5:45  Drone  
  30  5:46  Drone x7  
  38  6:03  Drone  
  41  6:04  Drone x3  
  42  6:11  Metabolic Boost  
  42  6:13  Spore Crawler  
  41  6:20  Spore Crawler  
  41  6:21  Drone  
  41  6:22  Drone x4  
  34  6:35  Drone  
  34  6:36  Drone  
  35  7:04  Drone x2  
  35  7:05  Queen  
  39  7:18  Zergling x2  
  39  7:19  Zergling x16  
  48  7:25  Drone  
  48  7:26  Drone x5, Hatchery  
  53  7:32  Zerg Melee Weapons Level 2, Zerg Flyer Armor Level 1  
  53  7:34  Zerg Ground Armor Level 1  
  53  7:56  Drone x9  
  53  7:57  Drone x2  
  59  8:32  Drone x6  
  59  8:33  Drone x8  
  73  8:44  Extractor  
  73  8:46  Extractor  
  67  9:01  Mutalisk x2  
  67  9:02  Mutalisk x8  
  83  9:09  Overlord x7  
  83  9:24  Mutalisk x2  
  83  9:31  Mutalisk x4  
  87  9:32  Mutalisk  
  97  9:39  Zerg Flyer Weapons Level 2  
  97  9:54  Zergling x16  
  97  9:55  Zergling x12  
  78  10:33  Mutalisk  
  78  10:34  Mutalisk x7  
  94  10:56  Hatchery  
  93  10:58  Drone  
  94  11:31  Mutalisk  
  94  11:32  Mutalisk  
  98  11:34  Zergling x2  
  98  11:36  Hatchery  
  98  11:41  Hatchery  
  95  12:20  Queen  
  86  12:23  Drone  
  86  12:24  Drone x17  
  86  12:25  Drone x2  
  99  12:44  Mutalisk x5  
  89  13:04  Mutalisk  
  89  13:05  Mutalisk x7  
  93  13:41  Drone  
  93  13:42  Drone x15  
  93  13:43  Drone  
  110  13:48  Extractor  
  110  13:52  Queen  
  111  14:21  Mutalisk x3  
  117  14:35  Zergling x2  
  118  14:39  Overlord x8  
  118  14:40  Overlord x3  
  118  14:54  Hatchery  
  117  15:07  Extractor  
  117  15:11  Drone, Extractor  
  117  15:12  Drone x2  
  118  15:14  Queen  
  120  15:24  Mutalisk x8  
  120  15:25  Mutalisk x7  
  150  15:33  Corruptor  
  152  15:39  Zergling x8  
  152  15:40  Zergling x22  
Tags
 
Add a new tag
Caveats
  • Supply blocks, unpowered buildings, or Contaminate may cause inaccurate times.
  • Supply counts are checked every 10 seconds.